[Event "Late-Titled-Tuesday-Blitz-March-19-2024"]
[Site "Chess.com"]
[Date "2024.03.19"]
[Round "10"]
[White "MetiForce"]
[Black "Sanan_Sjugirov"]
[Result "0-1"]
[WhiteElo "2916"]
[BlackElo "3018"]
[TimeControl "180+1"]
[EndTime "15:53:42 PDT"]
[Termination "Sanan_Sjugirov won by resignation"]

1. c4 Nf6 2. Nf3 g6 3. Nc3 Bg7 4. d4 d6 5. g3 O-O 6. Bg2 Nc6 7.
O-O a6 8. b3 Rb8 9. d5 Na5 10.
a4 c5 11. Bg5 Bd7 12. Qc2 b5 13. axb5 axb5 14. cxb5 Bxb5 15. Rfb1 Bd7 16. Ra3 Qb6 17. Bd2 c4 18. bxc4 Qc5 19. Rxb8 Rxb8 20. Qa2 Nxc4 21. Ra8 Rxa8 22. Qxa8+ Be8 23. Bg5 Nb6 24.
Qd8 Qxc3 25. Qxb6 h6 26. Bxf6 Bxf6 27. Qd8 Kf8 28. Bh3 Qa1+ 29. Kg2 Qa4 30. Bc8 Kg7 31.
Bb7 Bb5 32. e3 Qc4 33. h4 Qf1+ 0-1

[Event "Late-Titled-Tuesday-Blitz-March-19-2024"]
[Site "Chess.com"]
[Date "2024.03.19"]
[Round "10"]
[White "KuzubovYuriy"]
[Black "Rud_Makarian"]
[Result "0-1"]
[WhiteElo "2905"]
[BlackElo "3012"]
[TimeControl "180+1"]
[EndTime "15:53:43 PDT"]
[Termination "Rud_Makarian won on time"]

1. d4 Nf6 2. Nf3 c5 3. e3 d5 4. Bd3 Nc6 5. c3 Bg4 6. Nbd2 e6 7.
h3 Bh5 8. Qa4 Qc7 9. Ne5 Bd6 10.
f4 O-O 11. O-O Bg6 12. Nxg6 hxg6 13. Nf3 a6 14. Qd1 Ne7 15. g4 b5 16. a3 cxd4 17.
cxd4 Rac8 18. Qe2 Ne4 19. Bxe4 dxe4 20. Ng5 Qb7 21. Qg2 f5 22. Nxe6 Rf6 23. Ng5 Nd5 24.
Qg3 Rff8 25. Bd2 Be7 26. Ne6 Rf7 27. Rac1 Rc6 28. gxf5 gxf5 29. Ng5 Bxg5 30. Qxg5 Rff6 31. Rxc6 Qxc6 32. Rc1 Qe6 33. Kf2 Rg6 34. Qd8+ Kh7 35. Rc8 Rh6 36. Ke2 Nf6 37. h4 Qb3 38. h5 Rxh5 39.
Kf2 Qd1 0-1

[Event "Late-Titled-Tuesday-Blitz-March-19-2024"]
[Site "Chess.com"]
[Date "2024.03.19"]
[Round "10"]
[White "DenLaz"]
[Black "VitaliyBernadskiy"]
[Result "0-1"]
[WhiteElo "3081"]
[BlackElo "2903"]
[TimeControl "180+1"]
[EndTime "15:53:44 PDT"]
[Termination "VitaliyBernadskiy won by resignation"]

1. d4 d5 2. Nf3 c5 3. e3 cxd4 4. exd4 Nc6 5. Be2 Bf5 6. O-O e6 7. Bf4 Bd6 8. Bxd6 Qxd6 9. c3 Nge7 10. Nbd2 O-O 11. Re1 h6 12. Nf1 a6 13. a4 Rab8 14.
Ng3 Bh7 15. Bd3 Bxd3 16. Qxd3 Ng6 17. Nh5 Nf4 18. Nxf4 Qxf4 19. g3 Qf6 20. Kg2 Rbc8 21. Re3 Na5 22. Re2 Nc4 23. Ne1 h5 24. h4 g6 25. Qd1 Qf5 26. Nd3 Rfe8 27. Re1 Rc6 28. Qf3 Qxf3+ 29. Kxf3 Rb6 30. Ra2 a5 31. Re2 f6 32. Nc5 Kf7 33. b3 Nd6 34. Rab2 Rc6 35. c4 dxc4 36. bxc4 b6 37. Ne4 Nxc4 38. Rbc2 Rd8 39.
Kg2 Rxd4 40. Rc3 Ne5 41. Ra3 Rcc4 42. f3 Rxa4 43. Rb3 Rab4 44. Rc3 Rbc4 45. Rb3 Rc6 46. f4 Nc4 47. Rc3 b5 48. Nf2 b4 49. Rc1 a4 0-1

[Event "Late-Titled-Tuesday-Blitz-March-19-2024"]
[Site "Chess.com"]
[Date "2024.03.19"]
[Round "10"]
[White "chess94cu"]
[Black "GMKrikor"]
[Result "0-1"]
[WhiteElo "2663"]
[BlackElo "2823"]
[TimeControl "180+1"]
[EndTime "15:53:44 PDT"]
[Termination "GMKrikor won by resignation"]

1. e4 c5 2. Nf3 Nc6 3. Bb5 Nf6 4. Bxc6 dxc6 5. d3 Bg4 6. h3 Bh5 7. Nc3 Nd7 8. g4 Bg6 9. Bf4 h5 10. g5 e5 11. Be3 Bd6 12. Nh4 Nf8 13. Ne2 Ne6 14.
Qd2 b5 15. O-O-O a5 16. Kb1 a4 17. f4 exf4 18. Nxf4 Bxf4 19. Bxf4 O-O 20. Be3 b4 21. Nf5 b3 22. cxb3 axb3 23. a3 Ra4 24.
Qc3 Bxf5 25. exf5 Nd4 26. Qxc5 Re8 27. Bxd4 Rxd4 28. Qxc6 Rxd3 29. Rxd3 Qxd3+ 30. Ka1 Rd8 31. g6 Qxf5 32. gxf7+ Qxf7 33. Qc3 Kh7 34. Rg1 Rd7 35. h4 Qf2 36. Rb1 Qc2 37. Qxc2+ bxc2 38. Rc1 Rd1 39.
b4 Rxc1+ 40. Kb2 Ra1 41. Kxc2 Rxa3 42. b5 Ra5 0-1

[Event "Late-Titled-Tuesday-Blitz-March-19-2024"]
[Site "Chess.com"]
[Date "2024.03.19"]
[Round "10"]
[White "Boorchess"]
[Black "kai_nov"]
[Result "1-0"]
[WhiteElo "2526"]
[BlackElo "2341"]
[TimeControl "180+1"]
[EndTime "15:53:45 PDT"]
[Termination "Boorchess won on time"]

1. d4 d5 2. c4 e6 3. Nf3 c6 4. Qc2 dxc4 5. Qxc4 b5 6. Qc2 Nf6 7. Bg5 Bb7 8. e3 Nbd7 9. Nc3 a6 10. Be2 c5 11. O-O cxd4 12. Nxd4 Rc8 13. a3 Be7 14.
Rfd1 O-O 15. Rac1 Qb6 16. Qb1 h6 17. Bh4 Ne5 18. Bf1 Rfd8 19. h3 Nc4 20. Qa2 Bc5 21. Bxf6 gxf6 22. Bxc4 bxc4 23. Na4 Qd6 24. Nxc5 Qxc5 25.
Nf3 Bxf3 26. gxf3 Rxd1+ 27. Rxd1 Qg5+ 28. Kh2 Qe5+ 29. f4 Qe4 30. Rg1+ Kh8 31. Qa1 Qf3 32. Qe1 Rd8 33. Rg3 Qe4 34. Qe2 Kh7 35. Qh5 1-0

[Event "Late-Titled-Tuesday-Blitz-March-19-2024"]
[Site "Chess.com"]
[Date "2024.03.19"]
[Round "10"]
[White "Kumi29"]
[Black "Misterfox120"]
[Result "0-1"]
[WhiteElo "2563"]
[BlackElo "2484"]
[TimeControl "180+1"]
[EndTime "15:53:47 PDT"]
[Termination "Misterfox120 won by checkmate"]

1. d4 d5 2. Bg5 f6 3. Bd2 Nc6 4. c4 e5 5. dxe5 d4 6. exf6 Nxf6 7. e3 Bf5 8. Nf3 Bc5 9. exd4 Nxd4 10. Nxd4 Qxd4 11.
Qe2+ Kf7 12. Be3 Bb4+ 13. Nd2 Qxb2 14. Rd1 Rad8 15. f3 Bc2 16. c5 Bd3 17. Qxd3 Rxd3 18. Bxd3 Rd8 19. Ke2 Nd5 20. Bc4 Kf8 21. c6 Nxe3 22.
cxb7 Nxc4 23. b8=Q Rxb8 24. Kd3 Qc3+ 25. Ke4 Qe3+ 26.
Kd5 Qc5+ 27. Ke6 Re8+ 28. Kd7 Qd6# 0-1

[Event "Late-Titled-Tuesday-Blitz-March-19-2024"]
[Site "Chess.com"]
[Date "2024.03.19"]
[Round "10"]
[White "mishanick"]
[Black "Hikaru"]
[Result "0-1"]
[WhiteElo "3124"]
[BlackElo "3263"]
[TimeControl "180+1"]
[EndTime "15:53:48 PDT"]
[Termination "Hikaru won on time"]

1. d4 a6 2. c4 e6 3. Nc3 d5 4. cxd5 exd5 5. Nf3 c6 6. Bf4 Bd6 7. Bxd6 Qxd6 8. e3 Nf6 9. Bd3 O-O 10.
h3 Nbd7 11. O-O Re8 12. Qc2 g6 13. Rac1 b6 14. Na4 Bb7 15. Qb3 Rab8 16. Rc2 a5 17. Rfc1 Ba8 18. a3 c5 19. Bb5 c4 20. Qa2 Bc6 21. Nc3 a4 22. Qb1 Bxb5 23. Nxb5 Qc6 24. Nc3 b5 25. Na2 Ne4 26. Re2 Re6 27. Nb4 Qd6 28.
Qc2 Rbe8 29. Rce1 g5 30. Nd2 f5 31. Na2 g4 32. Nxe4 fxe4 33. hxg4 Nf6 34. g5 Ng4 35.
g3 Rg6 36. Kg2 Rf8 37. Rh1 Rxf2+ 38. Kh3 Qe6 39. Kh4 Qf5 0-1

[Event "Late-Titled-Tuesday-Blitz-March-19-2024"]
[Site "Chess.com"]
[Date "2024.03.19"]
[Round "10"]
[White "MikaelyanArman"]
[Black "mbachez"]
[Result "1/2-1/2"]
[WhiteElo "2842"]
[BlackElo "2673"]
[TimeControl "180+1"]
[EndTime "15:53:49 PDT"]
[Termination "Game drawn by repetition"]

1. e4 c6 2. d4 d5 3. Nc3 dxe4 4.
Nxe4 Nf6 5. Bd3 Qxd4 6. Nf3 Qd8 7. Qe2 Bg4 8. Bf4 Bxf3 9. Nxf6+ gxf6 10. Qxf3 Nd7 11.
O-O-O Qa5 12. Bc4 e6 13. Rxd7 Kxd7 14. Rd1+ Ke8 15. Bd2 Qc5 16. Qxf6 Qxc4 17. Qxh8 Rd8 18. Be3 Rxd1+ 19. Kxd1 Qf1+ 20. Kd2 Qxg2 21. Qxh7 Qd5+ 22. Qd3 Qxa2 23. Qd4 a5 24. Qb6 Bb4+ 25. Ke2 Qc4+ 26. Kf3 Qxc2 27. Qxb7 Qf5+ 28. Ke2 Qc2+ 29. Kf3 Qf5+ 30.
Kg2 Qg4+ 31. Kf1 Qd1+ 32. Kg2 Qg4+ 33. Kf1 Qd1+ 34. Kg2 Qg4+ 1/2-1/2

[Event "Late-Titled-Tuesday-Blitz-March-19-2024"]
[Site "Chess.com"]
[Date "2024.03.19"]
[Round "10"]
[White "djano"]
[Black "rodp92"]
[Result "1-0"]
[WhiteElo "2651"]
[BlackElo "2506"]
[TimeControl "180+1"]
[EndTime "15:53:49 PDT"]
[Termination "djano won by resignation"]

1. e4 g6 2. Nc3 c6 3. Bc4 Bg7 4. d3 d6 5. Bb3 Nf6 6. f4 O-O 7. Nf3 b5 8. O-O Nbd7 9. Qe1 Nc5 10. Qh4 a5 11. e5 a4 12. Ng5 h6 13. Nxf7 Rxf7 14. Bxf7+ Kxf7 15. exf6 Bxf6 16. Qxh6 Bf5 17. Be3 a3 18. Qh7+ Ke8 19. d4 Ne6 20. Rad1 Kd7 21. d5 Nf8 22. dxc6+ Kxc6 23. Qf7 axb2 24. Qd5+ Kd7 25. Qxb5+ Ke6 26. Qb3+ Kd7 27. Nd5 Rb8 28. Nb6+ Ke8 29. Rfe1 e6 30. Bf2 Kf7 31.
h3 Nd7 32. Rxd6 Rb7 33. Red1 Rxb6 34. Bxb6 Qc8 35. Rxd7+ Kg8 36. Rd8+ Bxd8 37. Rxd8+ Qxd8 38. Bxd8 Bxc2 39. Qxb2 1-0

[Event "Late-Titled-Tuesday-Blitz-March-19-2024"]
[Site "Chess.com"]
[Date "2024.03.19"]
[Round "10"]
[White "bazar-wokzal"]
[Black "manitodeplomo"]
[Result "0-1"]
[WhiteElo "2555"]
[BlackElo "2662"]
[TimeControl "180+1"]
[EndTime "15:53:52 PDT"]
[Termination "manitodeplomo won by checkmate"]

1. e4 e6 2. d4 d5 3. e5 c5 4. c3 Nc6 5. Nf3 Bd7 6. a3 Rc8 7. b4 cxd4 8. cxd4 b5 9. Bxb5 Nxe5 10. Bxd7+ Nxd7 11. O-O Ngf6 12. Nbd2 a5 13. bxa5 Qxa5 14. a4 Bb4 15. Nb3 Qa6 16. a5 O-O 17. Ba3 Bxa3 18.
Rxa3 Ne4 19. Nfd2 Nc3 20. Qg4 Nf6 21. Qh4 Nfe4 22. Nxe4 dxe4 23. Rfa1 h6 24. h3 Rfd8 25. Kh1 Qe2 26. Qg3 Nd5 27. Nc5 Nb4 28. a6 Nc2 29. R3a2 Qc4 30. Ra4 Qd5 31. R1a2 Nxd4 32. Nb7 Rc1+ 33.
Kh2 Ne2 34. Qe3 Rh1+ 35. Kxh1 Qd1+ 36. Kh2 Qg1# 0-1

[Event "Late-Titled-Tuesday-Blitz-March-19-2024"]
[Site "Chess.com"]
[Date "2024.03.19"]
[Round "10"]
[White "GodzillaChessYoutube"]
[Black "Fandorine"]
[Result "0-1"]
[WhiteElo "2704"]
[BlackElo "2928"]
[TimeControl "180+1"]
[EndTime "15:53:53 PDT"]
[Termination "Fandorine won on time"]

1. d4 Nf6 2. Bf4 d6 3. Nc3 Nbd7 4. Nf3 c5 5. e3 g6 6. h3 Bg7 7. Be2 O-O 8. O-O d5 9. Ne5 cxd4 10.
exd4 Nb6 11. a4 a5 12. Bb5 Ne4 13. Nxe4 dxe4 14. Qd2 Be6 15. c3 f6 16. Ng4 Rc8 17. Rfe1 Bd5 18. Bh6 e6 19. Bxg7 Kxg7 20. Qh6+ Kh8 21.
Qh4 Qe7 22. Ne3 Qg7 23. Qg3 f5 24. Qd6 Qc7 25. Qxc7 Rxc7 26. g3 g5 27. Ng2 Nc4 28. Rab1 Nd2 29. h4 Nxb1 30. Rxb1 h6 31. Kf1 Kg7 32. hxg5 hxg5 33. Ke2 f4 34. gxf4 gxf4 35. Ne1 Kf6 36. Nc2 Rh8 37. Rg1 Rh2 38. Ke1 e3 39. Rf1 Rg7 40. Nxe3 fxe3 41. fxe3+ Ke7 42. c4 Be4 43. c5 Rxb2 0-1

[Event "Late-Titled-Tuesday-Blitz-March-19-2024"]
[Site "Chess.com"]
[Date "2024.03.19"]
[Round "10"]
[White "DeArron_Fox"]
[Black "diamonds13"]
[Result "0-1"]
[WhiteElo "2497"]
[BlackElo "2386"]
[TimeControl "180+1"]
[EndTime "15:53:53 PDT"]
[Termination "diamonds13 won on time"]

1. d4 Nf6 2. c4 e6 3. Nf3 b6 4.
g3 Ba6 5. b3 Bb4+ 6. Bd2 Be7 7.
Bg2 d5 8. O-O dxc4 9. Ne5 Nd5 10. bxc4 f6 11. Qa4+ b5 12. cxb5 Bb7 13. b6+ c6 14.
bxa7 fxe5 15. axb8=Q Qxb8 16. Qc4 exd4 17. a4 O-O 18.
Na3 Qa7 19. Nc2 Bf6 20. Nb4 Rac8 21. a5 Nxb4 22. Qxe6+ Kh8 23. Bxb4 Rfe8 24. Qf7 Qa6 25. Rfc1 Ba8 26. Bc5 d3 27. exd3 Bxa1 28. Rxa1 Qxd3 29. Rc1 Qd2 30. Rf1 Qxa5 31. Bd4 Qg5 32. h4 Qg6 33.
Qa7 c5 34. h5 Qh6 35. Bxc5 Bxg2 36. Kxg2 Qc6+ 37. Kg1 Qxc5 38. Qf7 Qe7 39. Qf3 Qe4 0-1

[Event "Late-Titled-Tuesday-Blitz-March-19-2024"]
[Site "Chess.com"]
[Date "2024.03.19"]
[Round "10"]
[White "balack95"]
[Black "jodarmarlon1985"]
[Result "1-0"]
[WhiteElo "2442"]
[BlackElo "2296"]
[TimeControl "180+1"]
[EndTime "15:53:53 PDT"]
[Termination "balack95 won on time"]

1. Nf3 Nf6 2. b3 e6 3. Bb2 Be7 4. g3 O-O 5. Bg2 d5 6. O-O c5 7. d3 Nc6 8. Nbd2 b6 9. e4 Bb7 10. exd5 exd5 11. Re1 Re8 12. a4 Qd7 13. Ne5 Nxe5 14.
Bxe5 Rac8 15. d4 cxd4 16. Bxd4 Qc7 17. c3 Bd6 18. Bxf6 Rxe1+ 19. Qxe1 gxf6 20. Rc1 Be5 21. c4 dxc4 22. Rxc4 Qb8 23. Be4 Rxc4 24. Nxc4 Bc8 25. Kg2 Be6 26. Qe2 Bxc4 27. Qxc4 Qc7 28. Qd3 h6 29. Bd5 Qd6 30. Qg6+ Kh8 31. Qxh6+ Kg8 32. Qg6+ Kh8 33. Qxf7 Qd8 34. Be4 Qg8 35. Qxa7 Bd4 36. Qd7 Bc5 37. Qh3+ Kg7 38. Qg4+ Kf8 39. Qxg8+ Kxg8 40.
Bd5+ Kg7 41. f4 Kg6 42. Kf3 Kf5 43. g4+ Kg6 44. h4 Kg7 45. f5 Bb4 46. g5 Bd2 47. Kg4 Bc1 48. Kh5 Bd2 49. Be6 Bc1 50. Kg4 Bd2 51. g6 Be1 52. h5 Kh6 53. Bf7 Kg7 54.
Kf3 Kh6 55. Ke4 Bb4 56. Kd5 Bf8 57. Kc6 Bc5 58. a5 1-0

[Event "Late-Titled-Tuesday-Blitz-March-19-2024"]
[Site "Chess.com"]
[Date "2024.03.19"]
[Round "10"]
[White "expii"]
[Black "Bala-Afiada"]
[Result "1-0"]
[WhiteElo "2197"]
[BlackElo "1880"]
[TimeControl "180+1"]
[EndTime "15:53:53 PDT"]
[Termination "expii won on time"]

1. e4 c5 2. Nf3 Nc6 3. d4 cxd4 4. Nxd4 Nf6 5. Nc3 d6 6. g3 e6 7. Bg2 Be7 8. O-O O-O 9. h3 Qb6 10. Be3 Qxb2 11. Qd2 Nxd4 12. Bxd4 Qa3 13. Rab1 e5 14. Be3 b6 15. Nd5 Nxd5 16. exd5 Ba6 17. Rfd1 Rac8 18. Qb4 Qxb4 19. Rxb4 Rxc2 20. Ra4 Be2 21. Rd2 Rxd2 22.
Bxd2 a5 23. Be3 Rb8 24. Be4 Bd8 25. Ra3 b5 26. Rc3 b4 27. Rc6 g6 28. Rxd6 a4 29.
Ba7 Rc8 30. Bb6 Bxb6 31. Rxb6 b3 32. axb3 axb3 33. Rxb3 Bc4 34. Rc3 Ba6 35. Rxc8+ Bxc8 36. d6 Kf8 37. Bc6 1-0

[Event "Late-Titled-Tuesday-Blitz-March-19-2024"]
[Site "Chess.com"]
[Date "2024.03.19"]
[Round "10"]
[White "Szachulec75"]
[Black "vova-79"]
[Result "0-1"]
[WhiteElo "2169"]
[BlackElo "2513"]
[TimeControl "180+1"]
[EndTime "15:53:53 PDT"]
[Termination "vova-79 won by checkmate"]

1. Nf3 d5 2. g3 c6 3. Bg2 Bg4 4.
d3 Nd7 5. O-O e6 6. Nbd2 Bc5 7.
c3 Ne7 8. e4 O-O 9. d4 Bb6 10.
e5 c5 11. Nb3 Nc6 12. h3 Bh5 13. Be3 cxd4 14. cxd4 f6 15. exf6 Qxf6 16. g4 Bg6 17. Rc1 Kh8 18. a3 Rae8 19. Bg5 Qf7 20. Bh4 Be4 21. Ng5 Qf6 22. Nxe4 Qxh4 23. Ng3 Rf4 24. Ne2 Rf7 25. Nc5 e5 26. Nxd7 Rxd7 27. dxe5 Nxe5 28.
Nd4 Ng6 29. Nf5 Qg5 30. Re1 Red8 31. Qe2 Rf8 32. Rcd1 Nf4 33. Qb5 Rdd8 34. Bf1 g6 35. Ng3 Nxh3+ 36. Bxh3 Bxf2+ 37. Kg2 Qf4 38. Qe2 Qxg3+ 39.
Kh1 Qxh3# 0-1

[Event "Late-Titled-Tuesday-Blitz-March-19-2024"]
[Site "Chess.com"]
[Date "2024.03.19"]
[Round "10"]
[White "EcosseKillie"]
[Black "secretsuperstar7"]
[Result "0-1"]
[WhiteElo "2324"]
[BlackElo "2482"]
[TimeControl "180+1"]
[EndTime "15:53:54 PDT"]
[Termination "secretsuperstar7 won by resignation"]

1. d4 Nf6 2. Bg5 Ne4 3. Bh4 d5 4. f3 Nd6 5. Nc3 c6 6. e4 g6 7. Qd2 dxe4 8. fxe4 Bg7 9. Nf3 O-O 10. Bd3 b5 11. a3 Bg4 12. Ne5 Be6 13. O-O Qb6 14. Bf2 Bc4 15. d5 c5 16. Nf3 Nd7 17. Rae1 Ne5 18. Nxe5 Bxe5 19. Ne2 Qc7 20. b3 Bxd3 21. cxd3 a5 22. Rc1 c4 23. bxc4 bxc4 24. d4 Nxe4 25. Qe3 Bxh2+ 26. Kh1 Nxf2+ 27. Rxf2 Bd6 28. Nf4 Rab8 29. Nh3 Kg7 30. Rfc2 Rfc8 31. Rxc4 Qxc4 32. Rxc4 Rb1+ 33. Ng1 Rxc4 34. g3 Rcc1 35. Kg2 Rxg1+ 0-1

[Event "Late-Titled-Tuesday-Blitz-March-19-2024"]
[Site "Chess.com"]
[Date "2024.03.19"]
[Round "10"]
[White "protectiago"]
[Black "katharinareinecke"]
[Result "1-0"]
[WhiteElo "2073"]
[BlackElo "1979"]
[TimeControl "180+1"]
[EndTime "15:53:54 PDT"]
[Termination "protectiago won by resignation"]

1. d4 d5 2. c4 c6 3. g3 Nf6 4.
Qc2 g6 5. Bg2 Bf5 6. Qb3 Qb6 7.
Nf3 Qxb3 8. axb3 Nbd7 9. Nc3 e6 10. O-O Be7 11. Bh6 Ng4 12. Bf4 g5 13. Bxg5 h5 14. h4 Bxg5 15. Nxg5 Bc2 16. Ra3 Nb6 17. c5 Nc8 18. e4 Ne7 19. exd5 Nxd5 20. Nge4 Kd7 21. Rc1 Bd3 22. Nd6 b6 23. Nxf7 Rhf8 24. Nxd5 exd5 25. Ne5+ Nxe5 26. dxe5 Rf5 27. cxb6 a6 28. b4 Raf8 29.
Rxd3 Rxf2 30. Rdc3 Rxb2 31. Rxc6 Rff2 32. Bh3+ Ke7 33.
b7 Rf3 34. Re6+ Kf7 35. Rf6+ Rxf6 36. exf6 Kxf6 37. b8=Q Rxb4 38. Qd6+ Kg7 39. Qxb4 1-0

[Event "Late-Titled-Tuesday-Blitz-March-19-2024"]
[Site "Chess.com"]
[Date "2024.03.19"]
[Round "10"]
[White "KaydenTroffChess"]
[Black "Goryachkina"]
[Result "0-1"]
[WhiteElo "2838"]
[BlackElo "2683"]
[TimeControl "180+1"]
[EndTime "15:53:55 PDT"]
[Termination "Goryachkina won by resignation"]

1. d4 Nf6 2. Nf3 d5 3. Bf4 e6 4. e3 Bd6 5. Ne5 O-O 6. Nd2 c5 7. c3 Nc6 8. Bg3 Qc7 9. f4 Ne4 10. Nxe4 dxe4 11. Bb5 cxd4 12. exd4 f6 13. Nxc6 bxc6 14.
Bc4 Bxf4 15. Qg4 Bxg3+ 16. hxg3 f5 17. Qg5 Qd8 18. Qh5 h6 19. Qg6 Qg5 20. Qxg5 hxg5 21.
Rh5 g6 22. Rh2 Kg7 23. Ke2 Bd7 24. a4 Rh8 25. Rxh8 Rxh8 26. a5 Kf6 27. Ra3 Rb8 28. b4 f4 29. Ra1 e5 30. Rd1 Bg4+ 31.
Ke1 Bxd1 32. Kxd1 exd4 33. Kd2 e3+ 34. Kd3 dxc3 35. Kxc3 Rd8 36. Be2 Rd2 37. Bf3 Ke5 38. Bxc6 g4 39. gxf4+ Kxf4 40. b5 Rd6 41. Kc4 e2 42.
Kc5 Rxc6+ 43. Kxc6 e1=Q 44. b6 Qxa5 45. b7 Qb6+ 0-1

[Event "Late-Titled-Tuesday-Blitz-March-19-2024"]
[Site "Chess.com"]
[Date "2024.03.19"]
[Round "10"]
[White "kleber2007"]
[Black "IMRosen"]
[Result "1-0"]
[WhiteElo "2490"]
[BlackElo "2607"]
[TimeControl "180+1"]
[EndTime "15:53:55 PDT"]
[Termination "kleber2007 won on time"]

1. Nf3 d5 2. g3 Nf6 3. Bg2 e6 4. O-O Be7 5. c4 d4 6. e3 c5 7. exd4 cxd4 8. d3 Nc6 9. Re1 O-O 10. Ne5 Nxe5 11. Rxe5 Nd7 12. Re2 e5 13. Nd2 a5 14.
a3 Qc7 15. Nf3 Bd6 16. Bd2 a4 17. Bb4 f6 18. Nh4 g6 19. Bd5+ Kg7 20. Qe1 Nc5 21. Rd1 Bg4 22. f3 Bd7 23. f4 Bg4 24. Bf3 Bxf3 25.
Nxf3 exf4 26. Nxd4 fxg3 27. hxg3 Be5 28. Nf3 Rae8 29. Nxe5 Rxe5 30. Rxe5 fxe5 31. Qe3 b6 32. Bc3 Nd7 33. d4 Qxc4 34. dxe5 Qe6 35. Rxd7+ Kg8 36. Rd6 Qf5 37. Rf6 1-0

[Event "Late-Titled-Tuesday-Blitz-March-19-2024"]
[Site "Chess.com"]
[Date "2024.03.19"]
[Round "10"]
[White "Irishchessman16"]
[Black "teresin05"]
[Result "1-0"]
[WhiteElo "2537"]
[BlackElo "2258"]
[TimeControl "180+1"]
[EndTime "15:53:56 PDT"]
[Termination "Irishchessman16 won by resignation"]

1. c4 c5 2. Nf3 Nc6 3. e3 e6 4. d4 d5 5. Nc3 cxd4 6. exd4 Nf6 7. cxd5 Nxd5 8. Bd3 Bb4 9. Bd2 O-O 10. O-O Nxc3 11.
bxc3 Be7 12. Qe2 Bf6 13. Qe4 g6 14. h4 Ne7 15. Bg5 Bg7 16. h5 f6 17. Bh4 f5 18.
Qe2 b6 19. Bc4 Qd6 20. Bg3 Qc6 21. Rfe1 Nd5 22. Bxd5 exd5 23. Be5 Re8 24. hxg6 hxg6 25. Qd2 Be6 26. Bxg7 Kxg7 27. Ne5 Qc7 28. Qg5 Bf7 29. Re3 Qe7 30. Qf4 Qf6 31. Rg3 Rac8 32. Re1 Rh8 33. Ree3 Qh4 34. Qxh4 Rxh4 35. Rh3 Rch8 36.
Rxh4 Rxh4 37. f3 Rh8 38. Nc6 Rc8 39. Nxa7 Ra8 40. Re7 Kf6 41. Rc7 Be8 42. Nc8 Rxa2 43. Nxb6 Bf7 44. Kh2 Kg7 45. Nxd5 Rc2 46. Ne3 Re2 47.
Nc4 Rc2 48. Ne5 1-0

[Event "Late-Titled-Tuesday-Blitz-March-19-2024"]
[Site "Chess.com"]
[Date "2024.03.19"]
[Round "10"]
[White "Charodej1"]
[Black "carloseduar100"]
[Result "1-0"]
[WhiteElo "2387"]
[BlackElo "2260"]
[TimeControl "180+1"]
[EndTime "15:53:57 PDT"]
[Termination "Charodej1 won on time"]

1. d4 d5 2. c4 e5 3. cxd5 Qxd5 4. dxe5 Qxd1+ 5. Kxd1 Nc6 6. Bd2 Bf5 7. Na3 O-O-O 8.
Nf3 f6 9. Nc4 fxe5 10. Nfxe5 Nxe5 11. Nxe5 Bb4 12. Nd3 Bxd3 13. exd3 Bc5 14. Be3 Bd6 15. Be2 Nf6 16. Bf3 Be5 17. Kc2 Nd5 18. a3 Nf4 19.
Rad1 Rhe8 20. Be4 g6 21. h4 Ne6 22. h5 Nd4+ 23. Bxd4 Bxd4 24. hxg6 hxg6 25. Rd2 g5 26.
Rh5 Bf6 27. Re2 Kb8 28. g3 a5 29. f4 gxf4 30. gxf4 b6 31. Rh6 Bg7 32. Rg6 Bh8 33. Reg2 Rf8 34. f5 Be5 35. Re6 Bd4 36. b4 axb4 37. axb4 Rde8 38. Kb3 Rd8 39. Ra2 c5 40. Re7 c4+ 41. dxc4 1-0

[Event "Late-Titled-Tuesday-Blitz-March-19-2024"]
[Site "Chess.com"]
[Date "2024.03.19"]
[Round "10"]
[White "sergiochess83"]
[Black "I-Mesquita"]
[Result "1-0"]
[WhiteElo "2950"]
[BlackElo "2715"]
[TimeControl "180+1"]
[EndTime "15:53:58 PDT"]
[Termination "sergiochess83 won by resignation"]

1. d4 d5 2. c4 e6 3. Nc3 Nf6 4. Bg5 Be7 5. e3 O-O 6. Rc1 h6 7. Bh4 b6 8. cxd5 Nxd5 9. Bxe7 Qxe7 10. Nxd5 exd5 11. Nf3 Be6 12. Be2 c5 13. b3 Nd7 14.
O-O Rac8 15. Bb5 Nf6 16. Ne5 Rc7 17. f3 Rfc8 18. Ba6 Rd8 19. Qd2 Nd7 20. f4 Nf6 21. Bd3 Rdc8 22. dxc5 bxc5 23. Rfe1 Qd6 24. Bb1 Rd8 25.
h3 d4 26. e4 Qb6 27. Bd3 Bc8 28. Bc4 Ba6 29. Qd3 Bxc4 30. Nxc4 Qa6 31. Re2 Re7 32. Rce1 Rde8 33. f5 Nd7 34. e5 Qc6 35. Qg3 Kh8 36. Nd6 Rf8 37. f6 gxf6 38. Nf5 Rg8 39. Qxg8+ 1-0

[Event "Late-Titled-Tuesday-Blitz-March-19-2024"]
[Site "Chess.com"]
[Date "2024.03.19"]
[Round "10"]
[White "Slovak_fighter2000"]
[Black "Mikhail_Golubev"]
[Result "1-0"]
[WhiteElo "2605"]
[BlackElo "2721"]
[TimeControl "180+1"]
[EndTime "15:54:00 PDT"]
[Termination "Slovak_fighter2000 won on time"]

1. c4 g6 2. d4 Bg7 3. Nc3 d6 4. Nf3 Nf6 5. Bg5 O-O 6. e3 c5 7. Be2 cxd4 8. exd4 h6 9. Bh4 Bf5 10. O-O Ne4 11. Nxe4 Bxe4 12. Qb3 Nc6 13. d5 Nd4 14. Nxd4 Bxd4 15. Bd3 Bxd3 16. Qxd3 Bxb2 17. Rab1 Bg7 18. Rxb7 g5 19. Bg3 Bf6 20. Rfb1 Qc8 21. h3 a6 22. Kh2 Qc5 23. f4 Rfc8 24. fxg5 hxg5 25. Qf5 Kg7 26. Rf1 Rc7 27. Rxc7 Qxc7 28. Rc1 Qc5 29.
Bf2 Qa3 30. Rc2 Rh8 31. c5 dxc5 32. Bxc5 Qa4 33. Rf2 g4 34. Bxe7 g3+ 35. Kxg3 Qh4+ 36.
Kh2 Bxe7 37. Qxf7+ Kh6 38. Qe6+ 1-0

[Event "Late-Titled-Tuesday-Blitz-March-19-2024"]
[Site "Chess.com"]
[Date "2024.03.19"]
[Round "10"]
[White "LangesNasenhaar"]
[Black "Chempiblinka"]
[Result "1-0"]
[WhiteElo "2546"]
[BlackElo "2368"]
[TimeControl "180+1"]
[EndTime "15:54:00 PDT"]
[Termination "LangesNasenhaar won by resignation"]

1. d4 Nf6 2. Nf3 g6 3. Bg5 Bg7 4. Nbd2 c5 5. Bxf6 Bxf6 6. Ne4 Bxd4 7. Nxd4 cxd4 8. Qxd4 O-O 9. O-O-O Nc6 10. Qd5 d6 11. a3 Be6 12. Qg5 Ne5 13. Nc5 Qa5 14. Nxe6 fxe6 15.
Qxe7 Rae8 16. Qxd6 Ng4 17. e3 Nxf2 18. Bc4 Qb6 19. Rhf1 Rf7 20. Qxb6 axb6 21. Rd6 Ne4 22. Rxb6 Rxf1+ 23. Bxf1 Rf8 24. Bc4 Rf2 25. Rxe6 b5 26.
Rxe4+ bxc4 27. Rxc4 Rxg2 28. b4 Rxh2 29. b5 Rh5 30. Rb4 Rc5 31. b6 Rc8 32. b7 Rb8 33.
a4 h5 34. a5 h4 35. a6 h3 36. Rh4 g5 37. Rxh3 Kf7 38. a7 Ke7 39. axb8=Q 1-0

[Event "Late-Titled-Tuesday-Blitz-March-19-2024"]
[Site "Chess.com"]
[Date "2024.03.19"]
[Round "10"]
[White "gympod"]
[Black "rhungaski"]
[Result "1-0"]
[WhiteElo "2433"]
[BlackElo "2608"]
[TimeControl "180+1"]
[EndTime "15:54:01 PDT"]
[Termination "gympod won on time"]

1. c4 Nf6 2. g3 g6 3. Bg2 Bg7 4. Nc3 O-O 5. e4 d6 6. Nge2 e5 7. O-O Nc6 8. d3 Bg4 9. f3 Be6 10. Be3 Nd7 11. b3 f5 12. exf5 Bxf5 13. d4 Nb4 14. Rc1 c6 15. Qd2 Qa5 16. g4 Bd3 17. Rfd1 Rae8 18. d5 Bxe2 19. Nxe2 c5 20. Nc3 a6 21. Ne4 Qc7 22. a3 a5 23. axb4 axb4 24. Ra1 Nf6 25. Ra2 Nxe4 26. fxe4 Qd7 27. Qe2 Rf4 28. Bxf4 exf4 29. Rad2 f3 30. Qxf3 Rf8 31. Qg3 Be5 32. Qh4 Qg7 33. Rf1 Bd4+ 34. Kh1 Rxf1+ 35.
Bxf1 Qf7 36. Kg2 Qf4 37. Re2 1-0

[Event "Late-Titled-Tuesday-Blitz-March-19-2024"]
[Site "Chess.com"]
[Date "2024.03.19"]
[Round "10"]
[White "dolynachess"]
[Black "cthulhuuu"]
[Result "1-0"]
[WhiteElo "2522"]
[BlackElo "2405"]
[TimeControl "180+1"]
[EndTime "15:54:01 PDT"]
[Termination "dolynachess won by resignation"]

1. d4 Nf6 2. c4 e5 3. dxe5 Ng4 4.
Bf4 Nc6 5. Nf3 Bb4+ 6. Nbd2 Qe7 7. a3 Ncxe5 8. Nxe5 Nxe5 9. e3 Bc5 10. b4 Bd4 11. Rc1 Bb2 12. Rb1 Bxa3 13. Bxe5 Qxe5 14. Qb3 d5 15. Qxa3 Bf5 16. Rd1 a5 17. Nf3 Qe7 18. Rxd5 O-O 19. Rxf5 axb4 20. Qb2 Ra4 21. Bd3 Rfa8 22. O-O Ra2 23. Qe5 Qd7 24. Qd5 Qe7 25.
Ne5 c6 26. Rxf7 cxd5 27. Rxe7 b3 28. Rxb7 b2 29. cxd5 R8a7 30. Rxa7 Rxa7 31. Rb1 Ra1 32. Kf1 Kf8 33. Ke2 Ke7 34. Nc4 Kf6 35. Nxb2 Ra2 36. f4 1-0